 Dungeon Crawl Stone Soup version 0.28.0-53-g5a82cb258f (webtiles) character file.

Game seed: 10800164214260944649

28 shadowstone the Skirmisher (level 3, 0/24 HPs)
             Began as a Gargoyle Fighter on June 7, 2022.
             Slain by a gnoll
             ... wielding a +0 flail
              (1 damage)
             ... on level 2 of the Dungeon on June 11, 2022.
             The game lasted 00:02:43 (318 turns).

shadowstone the Skirmisher (Gargoyle Fighter)        Turns: 318, Time: 00:02:43

Health: 0/24       AC: 10    Str: 19    XL:     3   Next: 12%
Magic:  3/3        EV:  9    Int:  8    God:
Gold:   0          SH:  4    Dex: 11    Spells: 2/2 levels left

rFire   . . .      SeeInvis .   a - +0 flail
rCold   . . .      Faith    .   c - +0 buckler
rNeg    + . .      Spirit   .   b - +0 scale mail
rPois   ∞          Reflect  .   (no helmet)
rElec   +          Harm     .   (no cloak)
rCorr   .          Rampage  .   (no gloves)
Will    .....                   (no boots)
Stlth   ..........              (no amulet)
HPRegen 0.08/turn               (no ring)
MPRegen 0.08/turn               (no ring)

@: no status effects
A: sickness immunity, AC +3, negative energy resistance 1, electricity
resistance, torment resistance 1, petrification resistance
a: no special abilities


You were on level 2 of the Dungeon.
You visited 1 branch of the dungeon, and saw 2 of its levels.

Inventory:

Hand Weapons
 a - a +0 flail (weapon)
Missiles
 e - 3 poisoned darts (quivered)
Armour
 b - a +0 scale mail (worn)
 c - a +0 buckler (worn)
Potions
 d - a potion of might
 f - a potion of lignification {unknown}


   Skills:
 + Level 3.7 Fighting
 + Level 2.5 Maces & Flails
 + Level 3.6 Armour
 + Level 3.5 Shields


You had 2 spell levels left.
You didn't know any spells.
Your spell library was empty.

Dungeon Overview and Level Annotations

Branches:
Dungeon (2/15)

Altars:

Shops:
D:2 (


Innate Abilities, Weirdness & Mutations

You are immune to sickness and miasma.
Your stone body is resilient. (AC +3)
You are immune to poison.
You resist negative energy. (rN+)
You are resistant to electric shocks. (rElec)
You are resistant to unholy torment.
You are immune to petrification.


Message History

You hit the gnoll.
The gnoll is heavily wounded.
The gnoll hits you but does no damage. The gnoll hits you with a +0 whip.
You hit the gnoll.
The gnoll is moderately wounded.
You sock the gnoll!
The gnoll is severely wounded.
The kobold hits you but does no damage.
A giant cockroach comes into view.
The gnoll hits you but does no damage. The kobold barely misses you.
You hit the gnoll but do no damage.
The gnoll is severely wounded.
The gnoll hits you but does no damage. x2; You block the kobold's attack.
You hit the gnoll.
The gnoll is almost dead.
You block the gnoll's attack. The gnoll hits you with a +0 club.
* * * LOW HITPOINT WARNING * * *
The gnoll completely misses you. The kobold closely misses you.
The gnoll hits you with a +0 flail.
* * * LOW HITPOINT WARNING * * *
The gnoll hits you but does no damage. x2
You hit the gnoll.
You kill the gnoll!
The kobold barely misses you. The gnoll barely misses you.
You block the gnoll's attack. The kobold hits you but does no damage.
The giant cockroach bites you but does no damage.
You have reached level 3!
Your experience leads to an increase in your attributes!
Increase (S)trength, (I)ntelligence, or (D)exterity?
You feel agile. x2
You barely miss the gnoll.
The gnoll is moderately wounded.
You block the gnoll's attack. The gnoll hits you but does no damage.
The giant cockroach bites you but does no damage.
The kobold hits you but does no damage.
You barely miss the gnoll.
The gnoll is moderately wounded.
The giant cockroach bites you but does no damage.
The gnoll hits you with a +0 flail.
You die...

#..#.....#....
#.###...###..
#..#.....#..
#......#...
#..#...#..
........####
###.#.Kgg...#
.....gB@.##.#
.##..B##†.#.###
..... ##.<...#
.... #....#.#
∩## ###..# ...#
###... .#.#
##.#


You could see 3 gnolls, 2 giant cockroaches and a kobold.

Vanquished Creatures
  A gnoll (D:2)
  A worm (D:2)
  4 endoplasms (D:1)
  A giant cockroach (D:2)
  A goblin (D:1)
  A hobgoblin (D:1)
  A quokka (D:1)
  A frilled lizard (D:1)
  4 rats (D:1)
15 creatures vanquished.

Notes
Turn   | Place    | Note
-------+----------+-------------------------------------------
     0 | D:1      | shadowstone the Gargoyle Fighter began the quest for the
                  | Orb.
     0 | D:1      | Reached XP level 1. HP: 14/14 MP: 1/1
   124 | D:1      | Reached XP level 2. HP: 17/19 MP: 2/2
   309 | D:2      | Found Otiud's Weapon Shop.
   317 | D:2      | Reached XP level 3. HP: 1/24 MP: 3/3
   318 | D:2      | Slain by a gnoll

Illustrated notes

Levels and vault maps discovered:
D:1:      elethiomel_arrival_shortcut, layout_loops_ring,
          shapermc_ecumenical_altar_mp_highgroup,
          nicolae_concentric_dashed_squares_wild
D:2:      layout_loops_cross, serial_shops, nicolae_shop_advertising_works
          [nicolae_subvault_shop_adworks], nicolae_shop_statue_plus, shop,
          nicolae_shop_stone, basic_altar, hex_medium,
          minmay_misc_feat_nine_boxes, minmay_strange_pillars,
          minmay_worlds_worst_comb

Action                   || total
-------------------------++-------
Melee: Flail             ||    52
Armor: Scale mail        ||    32
Dodge: Dodged            ||    25
Block: Buckler           ||     9
